 Dungeon Crawl Stone Soup version 0.31-a0-175-g9f7f995f2b (webtiles) character file.

Game seed: 12392376113989442374

5201 bmack86 the Cleaver (level 10, 0/84 HPs)
             Began as a Minotaur Fighter on June 17, 2023.
             Was an Initiate of Gozag.
             Slain by Snorg (8 damage)
             ... on level 10 of the Dungeon.
             The game lasted 00:21:37 (7635 turns).

bmack86 the Cleaver (Minotaur Fighter)              Turns: 7635, Time: 00:21:38

Health: 0/84       AC: 16    Str: 31    XL:     10   Next: 34%
Magic:  9/9        EV:  6    Int:  5    God:    Gozag
Gold:   1231       SH: 16    Dex: 10    Spells: 9/9 levels left

rFire   . . .        l - +1 war axe (venom)
rCold   . . .        C - +2 tower shield
rNeg    . . .        g - +0 plate armour
rPois   .            (helmet restricted)
rElec   .            (no cloak)
rCorr   .            (no gloves)
SInv    .            (no boots)
Will    .....        y - amulet of the acrobat Stlth
                     m - +6 ring of strength
HPRegen 0.34/turn    s - +4 ring of protection
MPRegen 0.11/turn

%: acrobat
@: no status effects
A: horns 2, retaliatory headbutt
a: Renounce Religion, Potion Petition, Call Merchant, Bribe Branch


You were on level 10 of the Dungeon.
You worshipped Gozag.
Gozag was most pleased with you.
You visited 2 branches of the dungeon, and saw 11 of its levels.
You also visited: Sewer.

You collected 1335 gold pieces.
You paid 104 gold pieces to Gozag.

Inventory:

Hand Weapons
 a - a +1 war axe
 l - a +1 war axe of venom (weapon)
Missiles
 b - 2 throwing nets
 k - 22 poisoned darts
 r - 5 boomerangs
Armour
 g - a +0 plate armour (worn)
 C - a +2 tower shield (worn)
Jewellery
 i - a ring of wizardry
 m - a +6 ring of strength (left hand)
 s - a +4 ring of protection (right hand)
 x - a ring of positive energy
 y - an amulet of the acrobat (around neck)
Wands
 A - a wand of flame (9)
 B - a wand of digging (5)
 E - a wand of acid (7)
Scrolls
 c - a scroll of enchant weapon
 e - 3 scrolls of amnesia
 j - 3 scrolls of fog
 n - 4 scrolls of blinking
 p - 8 scrolls of teleportation
 q - 2 scrolls of revelation
 u - 2 scrolls of vulnerability
 v - a scroll of torment {unknown}
Potions
 d - 3 potions of might
 f - 4 potions of curing
 h - 4 potions of heal wounds
 o - 6 potions of enlightenment
 t - 2 potions of haste
 w - a potion of mutation
 z - a potion of brilliance {unknown}
 D - a potion of attraction {unknown}


   Skills:
 + Level 6.4 Fighting
 - Level 14.9 Axes
 + Level 6.4 Armour
 * Level 8.4 Shields


You had 9 spell levels left.
You didn't know any spells.
Your spell library contained the following spells:

 Spells                   Type           Power      Damage    Failure   Level
 Freeze                   Ice            0%         1d3       100%        1
 Lesser Beckoning         Tloc           0%         N/A       100%        2
 Frozen Ramparts          Ice            0%         1d1       100%        3
 Gell's Gravitas          Tloc           0%         N/A       100%        3
 Hailstorm                Conj/Ice       0%         3d3       100%        3
 Teleport Other           Tloc           0%         N/A       100%        3
 Tukima's Dance           Hex            0%         N/A       100%        3
 Ice Form                 Ice/Tmut       0%         N/A       100%        4
 Passage of Golubria      Tloc           0%         N/A       100%        4
 Summon Ice Beast         Ice/Summ       0%         N/A       100%        4
 Yara's Violent Unravell  Hex/Tmut       0%         3d3       100%        5


Dungeon Overview and Level Annotations

Branches:
Dungeon (10/15)            Temple (1/1) D:4           Sewer (visited)
   Lair: D:8-11         Orc: D:9-12

Altars:
Ashenzari
Cheibriados
Dithmenos
Elyvilon
Fedhas
Gozag
Hepliaklqana
Kikubaaqudgha
Makhleb
Nemelex Xobeh
Okawaru
Qazlal
Ru
Sif Muna
Trog
Uskayaw
Vehumet
Wu Jian
Xom
Yredelemnul
Zin
The Shining One

Shops:
D:4 ?::?

Annotations:
D:6 2 transporters
D:10 Snorg


Innate Abilities, Weirdness & Mutations

You have a pair of horns on your head.
You reflexively headbutt those who attack you in melee.


Message History

You block Snorg's attack.
You slash Snorg!
Snorg looks as sick as possible!
Your headbutt misses Snorg.
Snorg is lightly wounded.
You block Snorg's attack. x2; Snorg closely misses you.
You closely miss Snorg.
Snorg is lightly wounded.
The centaur shoots an arrow.
You block the arrow.
Snorg goes berserk!
The centaur shoots an arrow.
The arrow hits you but does no damage.
You slice Snorg!!
Snorg looks as sick as possible!
Your headbutt misses Snorg.
Snorg is moderately wounded.
You block Snorg's attack. x3; The centaur shoots an arrow.
The arrow hits you.
Snorg barely misses you. x2; Snorg claws you.
You slice Snorg!!
Snorg looks as sick as possible!
Snorg is moderately wounded.
The centaur shoots an arrow.
You block the arrow. You block Snorg's attack. Snorg claws you!
Snorg claws you.
The centaur shoots an arrow.
The arrow hits you.
You slash Snorg!
Snorg looks as sick as possible!
Snorg is heavily wounded.
Snorg bites you! You block Snorg's attack. Snorg claws you.
The centaur shoots an arrow.
You block the arrow.
A yak comes into view.
Snorg barely misses you. Snorg claws you but does no damage. x2
The yak bellows!
You hear a bellow!
You hit Snorg.
Snorg looks as sick as possible!
Snorg is heavily wounded.
The centaur shoots an arrow.
You block the arrow. Snorg bites you.
Snorg claws you but does no damage. x2; The centaur shoots an arrow.
The arrow hits you!
* * * LOW HITPOINT WARNING * * *
Unknown command.
You slice Snorg!!
Snorg looks as sick as possible!
Snorg is heavily wounded.
Snorg bites you!
* * * LOW HITPOINT WARNING * * *
Snorg claws you.
* * * LOW HITPOINT WARNING * * *
Snorg claws you!
You die...
Your body crumbles into a pile of gold.

#..... ###_### #.....
### #.....# ##....Y##
#.. #♣...♣# ......c.#
#.# #.....# ........#
#.# #♣...♣# ........#
#.# ####'##
........###.###.....####
........'...............
.......@###.###.....##..
.......T# #.# #.....##..
........# #.# #.....##..
........# #.# ########..
........# #.# ........#
........# #.# .........
......... ... .........
######### #.# #+####...
####


You could see Snorg (berserk, extremely poisoned), a yak and a centaur.

Vanquished Creatures
  Joseph (D:8)
  Maggie (D:7)
  A troll (D:9)
  Grinder (D:5)
  Sigmund (D:3)
  2 wyverns
  Edmund (D:5)
  3 steam dragons
  Menkaure (D:5)
  2 acid dragons
  A water moccasin (D:9)
  2 sky beasts
  3 orc warriors (D:9)
  2 ice beasts
  A black bear (D:5)
  2 ogres
  2 centaurs
  3 phantoms
  3 kobold brigands
  2 bullfrogs
  3 scorpions
  4 wights
  3 howler monkeys (D:9)
  3 jellies
  2 orc priests (D:9)
  A hound (D:7)
  2 iguanas
  A sickly merfolk siren (Sewer)
  A malarious merfolk avatar (Sewer)
  8 gnolls
  13 adders
  3 shadow imps
  A white imp (D:5)
  A dart slug (D:5)
  12 orcs
  13 ball pythons
  2 bats (D:2)
  5 endoplasms
  6 giant cockroaches
  8 goblins
  5 hobgoblins
  21 kobolds
  10 quokkas
  10 frilled lizards
  37 rats
210 creatures vanquished.

Vanquished Creatures (others)
  A kobold brigand (D:8)
  A kobold (D:8)
2 creatures vanquished.

Grand Total: 212 creatures vanquished

Notes
Turn   | Place    | Note
-------+----------+-------------------------------------------
     0 | D:1      | bmack86 the Minotaur Fighter began the quest for the Orb.
     0 | D:1      | Reached XP level 1. HP: 19/19 MP: 0/0
    82 | D:1      | Reached skill level 3 in Axes
   154 | D:1      | Reached XP level 2. HP: 23/26 MP: 1/1
   557 | D:2      | Reached skill level 4 in Axes
   942 | D:2      | Reached XP level 3. HP: 31/31 MP: 2/2
  1180 | D:3      | Found a faded altar of an unknown god.
  1219 | D:3      | Reached skill level 5 in Axes
  1319 | D:3      | Noticed Sigmund
  1338 | D:3      | Killed Sigmund
  1339 | D:3      | Reached skill level 7 in Axes
  1339 | D:3      | Reached XP level 4. HP: 26/39 MP: 3/3
  1339 | D:3      | Reached XP level 5. HP: 31/45 MP: 4/4
  1788 | D:3      | Reached XP level 6. HP: 51/51 MP: 5/5
  2128 | D:4      | Found Saurem's Book Boutique.
  2157 | D:4      | Found Kuveon's Magic Scroll Shoppe.
  2176 | D:4      | Reached skill level 8 in Axes
  2218 | D:4      | Found a glowing drain.
  2237 | Sewer    | Entered a sewer
  2640 | D:4      | Reached skill level 9 in Axes
  2660 | D:4      | Found Zabliopo's Magic Scroll Shop.
  2674 | D:4      | Reached XP level 7. HP: 48/57 MP: 6/6
  2751 | D:4      | Found Wupp's Book Boutique.
  2969 | D:4      | Found a staircase to the Ecumenical Temple.
  2975 | Temple   | Entered the Ecumenical Temple
  3151 | Temple   | Became a worshipper of Gozag Ym Sagoz the Greedy
  3578 | D:5      | Entered Level 5 of the Dungeon
  3634 | D:5      | Noticed Edmund
  3653 | D:5      | Killed Edmund
  3654 | D:5      | Reached skill level 10 in Axes
  3907 | D:5      | Noticed Grinder
  3909 | D:5      | Paralysed by Grinder for 2 turns
  3919 | D:5      | Killed Grinder
  3920 | D:5      | Reached skill level 11 in Axes
  4019 | D:5      | Noticed Menkaure
  4027 | D:5      | Killed Menkaure
  4028 | D:5      | Reached XP level 8. HP: 38/64 MP: 7/7
  4236 | D:5      | Reached skill level 12 in Axes
  4580 | D:6      | Found a transporter.
  4592 | D:6      | Noticed a kobold demonologist
  4593 | D:6      | Noticed a kobold demonologist
  4622 | D:6      | Reached skill level 13 in Axes
  5052 | D:6      | Found a transporter.
  5346 | D:7      | Reached skill level 14 in Axes
  5346 | D:7      | Reached XP level 9. HP: 57/70 MP: 8/8
  5387 | D:7      | Noticed Maggie
  5406 | D:7      | Killed Maggie
  6204 | D:8      | Noticed Joseph
  6211 | D:8      | Reached skill level 5 in Shields
  6232 | D:7      | HP: 3/72 [poisoned by a wight]
  6571 | D:8      | Killed Joseph
  6572 | D:8      | Reached skill level 5 in Fighting
  6572 | D:8      | Reached skill level 5 in Armour
  6999 | D:9      | Reached XP level 10. HP: 81/81 MP: 9/9
  7450 | D:10     | Entered Level 10 of the Dungeon
  7606 | D:10     | Found a glowing golden altar of the Shining One.
  7624 | D:10     | Noticed Snorg
  7635 | D:10     | Slain by Snorg

Illustrated notes

Levels and vault maps discovered:
D:1:      matt_arrival_refuge, layout_rooms, minmay_misc_feat_rugged,
          minivault_11
D:2:      layout_loops_cross
D:3:      layout_loops_ring, nicolae_ecumenical_snake_handling, minmay_unequal,
          uniq_sigmund
D:4:      layout_basic, minmay_temple_entry_glassed_door, gup_sewer_entry_pipe,
          serial_shops, shop, nicolae_stop_n_shop_1,
          nicolae_shop_real_fake_doors, kennysheep_mini_moat
D:5:      layout_gridville, uniq_grinder, uniq_menkaure, uniq_edmund
D:6:      gammafunk_wand_slinger, layout_gridville, hangedman_decor_slide_cut
D:7:      layout_rooms, uniq_maggie
D:8:      layout_loops_cross, hangedman_decor_peaks_small, uniq_joseph
D:9:      layout_cross
D:10:     layout_basic, tso_altar, uniq_snorg
Temple:   mainiacjoe_temple_hex_bubbles

Skill      XL: |  1  2  3  4  5  6  7  8  9 10 |
---------------+-------------------------------+-----
Axes           | 3 4 7 9 11 14 | 14.9
Fighting       | 5 6 |  6.4
Armour         | 5 6 |  6.4
Shields        | 7 8 |  8.4

Action                     |  1- 3 |  4- 6 |  7- 9 | 10-12 || total
---------------------------+-------+-------+-------+-------++-------
  Melee: War axe           |    78 |   152 |   202 |    57 ||   489
         Headbutt          |     9 |    20 |    37 |    13 ||    79
    Use: Scroll            |     7 |     2 |     7 |       ||    16
         Potion            |       |       |     1 |       ||     1
 Armour: Plate armour      |    59 |   103 |    84 |    23 ||   269
         Scale mail        |     3 |       |       |       ||     3
  Dodge: Dodged            |    19 |    37 |    52 |    22 ||   130
  Block: Buckler           |     9 |       |       |       ||     9
         Kite shield       |    15 |    69 |    23 |       ||   107
         Tower shield      |       |       |    96 |    64 ||   160

Table legend: (Time is in decaauts)
 A = Elapsed time spent in this place.
 B = Non-inter-level travel time spent in this place.
 C = Inter-level travel time spent in this place.
 D = Time resting spent in this place.
 E = Time spent auto-exploring this place.
 F = Levels seen in this place.
 G = Mean time per level.
                   A        B        C        D        E       F      G
               +--------+--------+--------+--------+--------+-----+--------+
         Total |   7751 |   7523 |    228 |      0 |   5274 |  12 |  645.9 |
       Dungeon |   7116 |   6897 |    219 |      0 |   4995 |  10 |  711.6 |
        Temple |    186 |    177 |      9 |      0 |    166 |   1 |  186.0 |
         Sewer |    447 |    447 |      0 |      0 |    112 |   1 |  447.0 |
               +--------+--------+--------+--------+--------+-----+--------+

Top non-repeatable levels by time:
     D:6: 994 daAuts
     D:3: 981 daAuts
     D:4: 903 daAuts
     D:7: 866 daAuts
     D:8: 797 daAuts
     D:5: 747 daAuts
     D:2: 648 daAuts
     D:1: 537 daAuts
     D:9: 456 daAuts
   Sewer: 447 daAuts
  Temple: 186 daAuts
    D:10: 184 daAuts
